 Dungeon Crawl Stone Soup version 0.20.1-1-g8b1a95d (webtiles) character file.

80 vishdafish the Skirmisher (level 4, -5/35 (36) HPs)
             Began as a Demonspawn Fighter on July 3, 2017.
             Was a Follower of Sif Muna.
             Engulfed by a cloud of foul pestilence (11 damage)
             ... in a sewer.
             The game lasted 00:02:33 (1109 turns).

vishdafish the Skirmisher (Demonspawn Fighter)      Turns: 1109, Time: 00:02:33

HP:   -5/35 (36)    AC: 12    Str: 17    XL:     4   Next: 18%
MP:   4/4           EV:  7    Int: 10    God:    Sif Muna [*.....]
Gold: 66            SH:  8    Dex: 12    Spells: 3/3 levels left

rFire    . . .     SeeInvis .   a - +0 trident
rCold    . . .     Gourm    .   c - +0 shield
rNeg     . . .     Faith    .   b - +0 scale mail
rPois    .         Spirit   .   (no helmet)
rElec    .         Reflect  .   (no cloak)
rCorr    .         Harm     .   (no gloves)
MR       .....                  (no boots)
Stlth    ..........             (no amulet)
Regen    0.2/turn               (no ring)
MPRegen  0.1/turn               (no ring)

@: lethally poisoned (-5 -> -79), sanguine armour, hasted and slowed
A: sanguine armour 1
a: Divine Energy, Renounce Religion


You were in a sewer.
You worshipped Sif Muna.
Sif Muna was aware of your devotion.
You were hungry.

You visited 1 branch of the dungeon, and saw 3 of its levels.
You also visited: Sewer.

You collected 66 gold pieces.

Inventory:

Hand Weapons
 a - a +0 trident (weapon)
Armour
 b - a +0 scale mail (worn)
 c - a +0 shield (worn)
Wands
 o - a wand of digging (11/24)
 s - a wand of paralysis (6/24)
Scrolls
 l - 5 scrolls of identify {unknown}
 m - a scroll of remove curse {unknown}
 n - a scroll of enchant weapon {unknown}
 q - a scroll of fog {unknown}
 u - a scroll of enchant armour {unknown}
 v - a scroll of amnesia {unknown}
Potions
 d - a potion of might
 e - a potion of magic {unknown}
 h - a potion of resistance {unknown}
 i - a potion of heal wounds {unknown}
 j - a potion of haste
 k - a potion of ambrosia {unknown}
 r - a potion of curing {unknown}
 t - a potion of flight {unknown}
Books
 p - Kikubaaqudgha's Compendium of Unholy Arts
   (Kikubaaqudgha gifted it to you on level 2 of the Dungeon)

   Spells                             Type                      Level
   a - Pain                           Necromancy                   1
   b - Corpse Rot                     Necromancy                   2
   c - Sublimation of Blood           Necromancy                   2
   d - Vampiric Draining              Necromancy                   3
   e - Control Undead                 Necromancy                   4
Comestibles
 f - a bread ration
 g - a meat ration


   Skills:
 + Level 3.6 Fighting
 + Level 2.8 Polearms
 + Level 3.3 Armour
 + Level 0.1 Dodging
 + Level 2.9 Shields


You had 3 spell levels left.
You didn't know any spells.

Dungeon Overview and Level Annotations

Branches:
Dungeon (3/15)

Altars:
Dithmenos
Kikubaaqudgha
Qazlal
Ru
Sif Muna


Innate Abilities, Weirdness & Mutations

When seriously injured, your bleeding wounds create armour. (AC +6)


Message History

The dead are flying!
A bat skeleton comes into view.
It was a potion of haste.
You feel yourself speed up.
You are engulfed in dark miasma.
You are lethally poisoned!
You feel your flesh rotting away!
You feel very sick.
The river rat is engulfed in dark miasma.
The river rat is poisoned.
The river rat dies!
You barely miss the bat skeleton.
You are engulfed in dark miasma.
You are more poisoned.
You feel yourself slow down.
* * * LOW HITPOINT WARNING * * *
x2 You feel sick.
You block the bat skeleton's attack.
Okay, then.
You are too injured to fight recklessly!
You are too injured to fight recklessly!
You closely miss the bat skeleton.
You are engulfed in dark miasma.
You are more poisoned.
You die...

#≈#
#.#
#.#
#.#
#r#
#r#
#§#
#@#
#Z#
#r#
#r#
#.#
#.#
#.#
###


You could see 2 river rats, 2 rats and a bat skeleton.

Vanquished Creatures
  A river rat (D:3)
  2 adders
  An ooze (D:1)
  4 dart slugs
  A ball python (D:3)
  4 bats
  5 giant cockroaches
  4 goblins
  6 hobgoblins
  4 kobolds
  2 frilled lizards
  5 rats
39 creatures vanquished.

Vanquished Creatures (others)
  A river rat (Sewer)
1 creature vanquished.

Grand Total: 40 creatures vanquished

Notes
Turn   | Place    | Note
-------+----------+-------------------------------------------
     0 | D:1      | vishdafish the Demonspawn Fighter began the quest for the Orb.
     0 | D:1      | Reached XP level 1. HP: 18/18 MP: 1/1
   101 | D:1      | Gained mutation: When seriously injured, your bleeding wounds create armour. (AC +6) [demonic ancestry]
   101 | D:1      | Reached XP level 2. HP: 24/24 MP: 2/2
   256 | D:1      | Reached XP level 3. HP: 29/29 MP: 3/3
   442 | D:2      | Found a faded altar of an unknown god.
   460 | D:2      | Became a worshipper of Kikubaaqudgha
   460 | D:2      | Reached * piety under Kikubaaqudgha
   460 | D:2      | Identified Kikubaaqudgha's Compendium of Unholy Arts (Kikubaaqudgha gifted it to you on level 2 of the Dungeon)
   460 | D:2      | Received a gift from Kikubaaqudgha
   645 | D:2      | Found a shadowy altar of Dithmenos.
   645 | D:2      | Found a faded altar of an unknown god.
   650 | D:2      | Found a sacrificial altar of Ru.
   653 | D:2      | Fell from the grace of Kikubaaqudgha
   653 | D:2      | Became a worshipper of Sif Muna the Loreminder
   653 | D:2      | Reached * piety under Sif Muna
   657 | D:2      | Found a stormy altar of Qazlal.
   658 | D:2      | Found a deep blue altar of Sif Muna.
  1065 | D:3      | Found a glowing drain.
  1082 | D:3      | Reached XP level 4. HP: 29/36 MP: 4/4
  1103 | Sewer    | Entered a sewer
  1109 | Sewer    | Engulfed by a cloud of foul pestilence

Skill      XL: |  1  2 |
---------------+-------+-----
Polearms       | 2 |  2.8
Armour         | 3 |  3.3
Fighting       | |  3.6
Dodging        | |  0.1
Shields        | |  2.9

Action                   |  1- 3 |  4- 6 || total
-------------------------+-------+-------++-------
Melee: Trident           |   125 |    20 ||   145
  Use: Potion            |       |     1 ||     1
Armor: Scale mail        |    51 |    12 ||    63
Dodge: Dodged            |    39 |    20 ||    59
Block: Shield            |    52 |    14 ||    66
